 Dungeon Crawl Stone Soup version 0.17-a0-986-gf45d1aa (webtiles) character file.

3097 oplop the Destroyer (level 9, -13/55 HPs)
             Began as a Tengu Fire Elementalist on May 11, 2015.
             Was a Believer of Cheibriados.
             Shot with a bolt by a yaktaur (27 damage)
             ... on level 8 of the Dungeon.
             The game lasted 00:20:30 (6800 turns).

oplop the Destroyer (Tengu Fire Elementalist)       Turns: 6800, Time: 00:20:30

Health: -13/55     AC:  6    Str: 14    XL:     9   Next: 90%
Magic:  19/19      EV: 12    Int: 23    God:    Cheibriados [**....]
Gold:   404        SH:  0    Dex: 19    Spells: 5 memorised, 4 levels left

rFire  . . .     SeeInvis .     n - +2 whip (elec)
rCold  . . .     Clarity  .     e - +2 leather armour {rPois}
rNeg   . . .     SustAb   .     (no shield)
rPois  +         Gourm    .     (helmet restricted)
rElec  .         Spirit   .     (no cloak)
rCorr  .         Warding  .     K - +0 pair of gloves
rMut   .         Stasis   .     (boots unavailable)
MR     .....                    (no amulet)
Stlth  ++........               y - ring of wizardry
                                s - +2 ring of strength

@: very slightly contaminated, invisible, very slow, not resistant to hostile
enchantments, unstealthy
A: beak, talons 3, able to fly 1
a: Fly, Bend Time, Renounce Religion


You were on level 8 of the Dungeon.
You worshipped Cheibriados.
Cheibriados was pleased with you.
You were not hungry.

You visited 1 branch of the dungeon, and saw 8 of its levels.

You collected 404 gold pieces.

Inventory:

Hand weapons
 n - a +2 whip of electrocution (weapon)
 w - a +1 falchion of holy wrath
Armour
 a - a +0 robe
 e - a +2 leather armour of poison resistance (worn)
 K - a +0 pair of gloves (worn)
Jewellery
 s - a +2 ring of strength (left hand)
 y - a ring of wizardry (right hand)
 A - an uncursed ring of sustain abilities
Magical devices
 h - a wand of polymorph (19)
 i - a wand of fireball (4)
 l - a wand of disintegration (14)
 G - a wand of disintegration (8)
 H - a wand of fireball (12)
 J - a wand of frost (22)
Scrolls
 d - 2 scrolls of fog
 f - 2 scrolls of blinking
 j - 2 scrolls of teleportation
 o - a scroll of immolation
 p - a scroll of recharging
 z - a scroll of noise {unknown}
 D - a scroll of remove curse
 E - a scroll of fear {unknown}
Potions
 g - a potion of lignification
 k - a potion of agility
 m - a potion of heal wounds
 q - a potion of poison
 r - a potion of invisibility
 t - a potion of flight
 u - 2 potions of curing
 v - 3 potions of magic
 x - a potion of cure mutation
 F - a potion of brilliance
 L - a potion of might {unknown}
Books
 b - a book of Flames

   Spells                             Type                      Level
   a - Flame Tongue                   Conjuration/Fire             1
   b - Throw Flame                    Conjuration/Fire             2
   c - Conjure Flame                  Conjuration/Fire             3
   d - Inner Flame                    Hexes/Fire                   3
   e - Sticky Flame                   Conjuration/Fire             4
   f - Fireball                       Conjuration/Fire             5
 I - a book of Geomancy

   Spells                             Type                      Level
   a - Sandblast                      Earth                        1
   b - Stoneskin                      Transmutation/Earth          2
   c - Passwall                       Transmutation/Earth          3
   d - Stone Arrow                    Conjuration/Earth            3
   e - Petrify                        Transmutation/Earth          4
   f - Lee's Rapid Deconstruction     Earth                        5
Comestibles
 c - 8 bread rations
 B - 2 meat rations
 C - a royal jelly


   Skills:
 + Level 5.8 Fighting
 - Level 2.2 Armour
 - Level 2.1 Dodging
 - Level 2.0 Stealth
 + Level 6.4 Spellcasting
 + Level 8.9 Conjurations
 + Level 7.5 Fire Magic
 * Level 2.7 Invocations


You had 4 spell levels left.
You knew the following spells:

 Your Spells              Type           Power        Failure   Level  Hunger
a - Flame Tongue          Conj/Fire      #####        1%          1    None
b - Conjure Flame         Conj/Fire      #####...     1%          3    #......
c - Inner Flame           Hex/Fire       ###.....     4%          3    #......
d - Sticky Flame          Conj/Fire      #####...     1%          4    ###....
e - Fireball              Conj/Fire      #####.....   4%          5    #####..


Dungeon Overview and Level Annotations

Branches:
Dungeon (8/15)             Temple (0/1) D:7
   Lair: D:8-11

Altars:
Ashenzari
Cheibriados
Kikubaaqudgha
Makhleb
Nemelex Xobeh
Ru
Trog
Vehumet
Yredelemnul
The Shining One


Innate Abilities, Weirdness & Mutations

You have a beak for a mouth.
You have claws for feet.
You can fly.


Message History

The kobold throws a stone.
The stone barely misses you.
A yaktaur comes into view.
A brain worm comes into view.
The yaktaur shouts!
The yaktaur wields an arbalest.
The yaktaur shoots a bolt.
The bolt hits you!!!
Ouch! That really hurt!
Found two escape hatches in the ceiling and two escape hatches in the floor.
There is an open door, spattered with blood here.
You see here a bolt.
Drink which item? (? for menu, Esc to quit)
You fade into invisibility!
The brain worm bites you.
* * * LOW HITPOINT WARNING * * *
You are very lightly contaminated with residual magic.
The yaktaur shoots a bolt.
The bolt hits the kobold!!
The kobold dies!
The yaktaur shoots a bolt.
The bolt closely misses you.
You see here a bolt.
The yaktaur shoots a bolt.
The bolt hits you!!
You die...

.........
.<.# ....#
#.#.#
......
#.#.#.#
......# ###
#.# #.# #<#
... .y
##@## #.(.#
##...##
#.....#
##(....##
#...c...#
##.......##
#.........#
#####)#####


You could see a yaktaur.

Vanquished Creatures
  Pikel (D:5)
  A spriggan (D:7)
  The ghost of Githyanki the Skirmisher, an average DDFi (D:4)
  Eustachio (D:5)
  Edmund (D:4)
  A black bear (D:7)
  3 slaves (D:5)
  3 ice beasts
  An orc warrior (D:6)
  A sky beast (D:5)
  The ghost of halfnothing the Chopper, an average HOFi (D:6)
  A phantom (D:7)
  An ogre (D:7)
  Blork the orc (D:4)
  A giant frog (D:7)
  3 scorpions
  A killer bee (D:7)
  A crimson imp (D:7)
  A quasit (D:6)
  A hound (D:7)
  4 orc priests
  A centaur skeleton (D:5)
  A jelly (D:6)
  3 orc wizards
  An iguana (D:7)
  11 worker ants
  A hound zombie (D:6)
  A hound skeleton (D:5)
  4 gnolls (D:5)
  9 adders
  A shadow imp (D:5)
  2 oozes
  An adder skeleton (D:4)
  3 worms
  3 giant geckos
  23 orcs
  6 giant cockroaches
  15 hobgoblins
  7 jackals
  2 quokkas
  A ball python (D:4)
  7 bats
  A giant gecko skeleton (D:6)
  7 giant newts
  6 goblins
  A jackal skeleton (D:4)
  17 kobolds
  A quokka skeleton (D:5)
  10 rats
176 creatures vanquished.

Vanquished Creatures (others)
  A kobold (D:8)
  A plant (D:2)
2 creatures vanquished.

Grand Total: 178 creatures vanquished

Notes
Turn   | Place    | Note
--------------------------------------------------------------
     0 | D:1      | oplop the Tengu Fire Elementalist began the quest for the Orb.
     0 | D:1      | Reached XP level 1. HP: 10/10 MP: 4/4
   308 | D:1      | Reached XP level 2. HP: 11/16 MP: 1/6
   760 | D:2      | Found a sacrificial altar of Ru.
   831 | D:2      | Reached XP level 3. HP: 20/20 MP: 3/7
   854 | D:2      | Reached skill level 1 in Fighting
  1002 | D:2      | Learned a level 3 spell: Conjure Flame
  1006 | D:2      | Learned a level 3 spell: Inner Flame
  1074 | D:2      | Reached XP level 4. HP: 16/25 MP: 2/9
  1694 | D:3      | Reached skill level 4 in Fire Magic
  1694 | D:3      | Gained mutation: You can fly. [Tengu growth]
  1694 | D:3      | Reached XP level 5. HP: 30/30 MP: 7/10
  2008 | D:4      | Found a shattered altar of Ashenzari.
  2009 | D:4      | Found a sparkling altar of Nemelex Xobeh.
  2011 | D:4      | Found a radiant altar of Vehumet.
  2011 | D:4      | Found a burning altar of Makhleb.
  2011 | D:4      | Found a snail-covered altar of Cheibriados.
  2019 | D:4      | Found a bloodstained altar of Trog.
  2019 | D:4      | Found an ancient bone altar of Kikubaaqudgha.
  2037 | D:4      | Noticed Edmund
  2325 | D:4      | Noticed Githyanki's ghost (average DDFi)
  2331 | D:4      | Killed Githyanki's ghost
  2331 | D:4      | Reached XP level 6. HP: 10/36 MP: 8/12
  2455 | D:4      | Learned a level 4 spell: Sticky Flame
  2600 | D:4      | Killed Edmund
  2600 | D:4      | Reached skill level 5 in Conjurations
  2600 | D:4      | Reached XP level 7. HP: 23/41 MP: 0/14
  2755 | D:4      | Reached skill level 5 in Fire Magic
  2811 | D:4      | Noticed Blork the orc
  2817 | D:4      | Killed Blork the orc
  2817 | D:4      | Reached skill level 1 in Armour
  3248 | D:5      | Entered Level 5 of the Dungeon
  3532 | D:5      | Noticed Pikel
  3675 | D:5      | Reached skill level 6 in Conjurations
  3779 | D:5      | Reached XP level 8. HP: 46/46 MP: 15/15
  4004 | D:5      | Noticed Eustachio
  4254 | D:5      | Killed Eustachio
  4254 | D:5      | Reached skill level 5 in Spellcasting
  4495 | D:5      | Reached skill level 7 in Conjurations
  4609 | D:5      | Killed Pikel
  4609 | D:5      | Reached skill level 5 in Fighting
  4609 | D:5      | Reached XP level 9. HP: 41/54 MP: 7/18
  4818 | D:4      | Became a worshipper of Cheibriados the Contemplative
  5005 | D:6      | Noticed halfnothing's ghost (average HOFi)
  5011 | D:6      | Killed halfnothing's ghost
  5105 | D:6      | Reached skill level 8 in Conjurations
  5277 | D:6      | Learned a level 5 spell: Fireball
  5591 | D:6      | Acquired Cheibriados's first power
  5870 | D:7      | Found a staircase to the Ecumenical Temple.
  5896 | D:7      | Reached skill level 1 in Invocations
  6061 | D:7      | Found a basalt altar of Yredelemnul.
  6250 | D:7      | Found a glowing golden altar of the Shining One.
  6678 | D:7      | Noticed an angel
  6791 | D:8      | Noticed a yaktaur
  6800 | D:8      | Shot with a bolt by a yaktaur

Vault maps used:
D:1:      saegor_arrival_miasma
D:2:      nicolae_overflow_hidden_temple, serial_forest,
          infiniplex_forest_end_3, infiniplex_forest_clump_medium,
          infiniplex_forest_side_room, infiniplex_forest_clump_medium,
          infiniplex_forest_lined_room_2, infiniplex_forest_lined_corner
D:4:      grunt_temple_overflow_open, uniq_edmund, uniq_blork_the_orc
D:5:      first_bread, uniq_pikel, uniq_eustachio
D:7:      grunt_temple_overflow_holy_war, minmay_temple_entry_from_below_b,
          the_bakery
D:8:      minmay_diamond_stairs, tgw_xom, serial_shops, shop,
          minmay_misc_feat_iff

Action                   |  1- 3 |  4- 6 |  7- 9 || total
-------------------------+-------+-------+-------++-------
Melee: Unarmed           |     2 |     2 |       ||     4
       Falchion          |       |     7 |   129 ||   136
       Whip              |       |       |    88 ||    88
 Cast: Flame Tongue      |    63 |    95 |    89 ||   247
       Conjure Flame     |       |     1 |     6 ||     7
       Sticky Flame      |       |     2 |    28 ||    30
       Inner Flame       |       |       |     2 ||     2
       Fireball          |       |       |     1 ||     1
 Abil: Fly               |       |     3 |     4 ||     7
Evoke: Wand              |       |       |     2 ||     2
  Use: Scroll            |       |     9 |     7 ||    16
       Potion            |       |     1 |     6 ||     7
 Stab: Sleeping          |       |       |     6 ||     6
  Eat: Meat ration       |     1 |       |       ||     1
       Chunk             |       |     1 |    11 ||    12
       Pizza             |       |       |     1 ||     1
       Bread ration      |       |       |     2 ||     2
